Map: Ever Dream LE

Players

Silky - Winner!

  • Race: Zerg Zerg
  • Spawn Location: 1:00

Namshar

  • Race: Zerg Zerg
  • League: Grandmaster
  • Spawn Location: 7:00

Event: DreamHack SC2 Masters 2020 Fall

VOD

Have the link to the VOD?

Description

Time

  • Played on: Sept. 1, 2020, 4:01 p.m.
  • Length: 4:34

All games in this series

Show
View Real Time Build Order
Export as new Build Order

Silky Zerg - Winner!

Build Orders: 1 Base Baneling Bust, Pool Only, Zergling Baneling 

Get SALT Encoding   

  12  0:00  Drone  
  13  0:07  Extractor  
  12  0:24  Spawning Pool  
  12  0:28  Drone  
  12  0:33  Drone  
  13  0:39  Drone  
  14  0:50  Overlord  
  14  1:10  Metabolic Boost  
  14  1:11  Zergling x4  
  16  1:14  Zergling x2  
  17  1:23  Zergling x2  
  18  1:28  Baneling Nest  
  17  1:34  Zergling x2  
  18  1:43  Zergling x2  
  19  1:51  Queen  
  21  1:56  Zergling x2  
  22  2:09  Overlord  
  22  2:12  Baneling x2  
  21  2:25  Baneling  
  21  2:28  Zergling x4  
  23  2:36  Baneling  
  23  2:37  Zergling x2  
  23  2:41  Baneling x2  
  24  2:50  Zergling x2  
  24  2:56  Baneling  
  24  3:02  Zergling x8  
  27  3:08  Baneling  
  26  3:15  Zergling x2  
  26  3:30  Zergling x2  
  24  3:38  Zergling x2  
  23  3:42  Baneling x2  
  23  3:46  Zergling x2  
  24  3:52  Zergling x6  
  23  4:03  Zergling x2  
  22  4:10  Zergling x2  
Show
View Real Time Build Order
Export as new Build Order

Namshar Zerg 

Build Orders: Hatch First 

Get SALT Encoding   

  12  0:00  Drone  
  13  0:13  Overlord  
  13  0:18  Drone  
  14  0:31  Drone x2  
  16  0:49  Hatchery  
  15  0:52  Drone  
  15  0:55  Drone  
  17  0:59  Drone  
  18  1:09  Extractor  
  17  1:13  Spawning Pool  
  17  1:17  Drone  
  17  1:20  Drone  
  18  1:29  Drone  
  19  2:01  Queen x2, Zergling x2  
  19  2:02  Zergling x6  
  19  2:04  Spine Crawler  
  25  2:25  Spine Crawler  
  25  2:28  Zergling x2  
  21  2:33  Zergling x2  
  22  2:42  Zergling x6  
  22  2:52  Zergling x2  
  20  3:09  Zergling x4  
  20  3:19  Zergling x2  
  20  3:21  Queen  
  20  3:36  Zergling x2  
  20  3:42  Zergling x4  

Tags
 
Add a new tag
Caveats
  • Supply blocks, unpowered buildings, or Contaminate may cause inaccurate times.
  • Supply counts are checked every 10 seconds.